 Dungeon Crawl Stone Soup version 0.26.1-11-gd32895ea62 (webtiles) character file.

Game seed: 7018345869180237366

291 Almogavar the Magician (level 6, 0/43 HPs)
             Began as a Demonspawn Hedge Wizard on July 14, 2021.
             Was an Initiate of Nemelex Xobeh.
             Succumbed to a scorpion's poison
             ... on level 4 of the Dungeon.
             The game lasted 00:12:54 (4511 turns).

Almogavar the Magician (Demonspawn Hedge Wizard)    Turns: 4511, Time: 00:12:55

Health: 0/43       AC:  2    Str: 10    XL:     6   Next: 10%
Magic:  12/14      EV: 13    Int: 17    God:    Nemelex Xobeh [......]
Gold:   141        SH:  0    Dex: 13    Spells: 13/14 levels left

rFire    + . .     SeeInvis .   a - +0 dagger
rCold    . . .     Faith    .   (no shield)
rNeg     . . .     Spirit   .   b - +0 robe
rPois    .         Reflect  .   c - +0 hat
rElec    .         Harm     .   (no cloak)
rCorr    .         Rampage  .   (no gloves)
Will     .....                  (no boots)
Stlth    ++........             (no amulet)
HPRegen  0.14/turn              (no ring)
MPRegen  0.14/turn              (no ring)

@: lethally poisoned (0 -> -3)
A: horns 1, talons 1, fire resistance 1, high mp 1, powered by pain 2, wild
magic 1
a: Renounce Religion, Draw Escape, Draw Destruction, Draw Summoning


You were on level 4 of the Dungeon.
You worshipped Nemelex Xobeh.
Nemelex Xobeh was noncommittal.
You visited 2 branches of the dungeon, and saw 5 of its levels.

You collected 141 gold pieces.

Inventory:

Hand Weapons
 a - a +0 dagger (weapon)
Armour
 b - a +0 robe (worn)
 c - a +0 hat (worn)
 e - a +0 chain mail
 m - a +0 leather armour
 n - a +0 scale mail
Wands
 f - a wand of polymorph (9)
Scrolls
 g - a scroll of enchant weapon
 i - a scroll of fog
 j - a scroll of random uselessness {unknown}
 o - a scroll of fear {unknown}
 p - 2 scrolls of teleportation
 q - a scroll of amnesia {unknown}
Potions
 d - 2 potions of flight
 h - a potion of haste
 k - a potion of mutation
 l - a potion of cancellation


   Skills:
 + Level 1.3 Fighting
 + Level 1.0 Short Blades
 + Level 2.9 Dodging
 + Level 2.4 Stealth
 + Level 4.5 Spellcasting
 + Level 2.9 Conjurations
 + Level 1.0 Summonings
 + Level 0.8 Translocations


You had 13 spell levels left.
You knew the following spells:

 Your Spells              Type           Power        Failure   Level
a - Magic Dart            Conj           68%          8%          1

Your spell library contained the following spells:

 Spells                   Type           Power        Failure   Level
 Blink                    Tloc           N/A          22%         2
 Call Imp                 Summ           9%           22%         2
 Slow                     Hex            5%           30%         2
 Conjure Flame            Conj/Fire      11%          32%         3
 Mephitic Cloud           Conj/Pois/Air  9%           38%         3


Dungeon Overview and Level Annotations

Branches:
Dungeon (4/15)             Temple (1/1) D:4

Altars:
Ashenzari
Cheibriados
Dithmenos
Fedhas
Gozag
Hepliaklqana
Nemelex Xobeh
Okawaru
Qazlal
Ru
Sif Muna
Trog
Uskayaw
Vehumet
Xom
Yredelemnul
Zin


Innate Abilities, Weirdness & Mutations

You have a pair of small horns on your head.
You have sharp toenails.
You sometimes gain power by taking damage.
Your flesh is heat resistant. (rF+)
You have an increased reservoir of magic. (+10% MP)
Your spells are a little harder to cast, but a little more powerful.


Message History

* * * LOW HITPOINT WARNING * * *
You feel sick.
You see here a runed blue amulet.
* * * LOW HITPOINT WARNING * * *
You feel sick.
* * * LOW HITPOINT WARNING * * *
You feel sick.
* * * LOW HITPOINT WARNING * * *
You feel sick.
* * * LOW HITPOINT WARNING * * *
You feel sick.
There is a stone staircase leading down here.
* * * LOW HITPOINT WARNING * * *
You feel sick.
* * * LOW HITPOINT WARNING * * *
You feel sick.
* * * LOW HITPOINT WARNING * * *
You feel sick.
You die...
Your body disappears without a glow.

###...### ##
##.....#.###.##
#.........#...###
#........#.....###
#..##.#..........#
#.....>...........
###....#..##...#..
#........# ..# ###
###..@..## ...
###.## #.....# #..
##....# ##"#..## .
#.....#
###†#...#..
#.>...##
#..........
#......###
#...#####..
##........####.###
#..
...#.##...##.....#
..
......###.......##


There were no monsters in sight!

Vanquished Creatures
  2 scorpions (D:4)
  An iguana (D:4)
  2 worker ants
  3 adders
  4 oozes
  2 dart slugs
  A leopard gecko (D:3)
  5 orcs (D:3)
  4 giant cockroaches
  4 goblins
  9 hobgoblins
  A quokka (D:3)
  9 bats
  6 frilled lizards
  10 kobolds
  11 rats
74 creatures vanquished.

Vanquished Creatures (others)
  5 plants (D:2)
5 creatures vanquished.

Grand Total: 79 creatures vanquished

Notes
Turn   | Place    | Note
-------+----------+-------------------------------------------
     0 | D:1      | Almogavar the Demonspawn Hedge Wizard began the quest for
                  | the Orb.
     0 | D:1      | Reached XP level 1. HP: 13/13 MP: 4/4
   271 | D:1      | Gained mutation: You sometimes gain a little power by
                  | taking damage. [demonic ancestry]
   271 | D:1      | Reached XP level 2. HP: 19/19 MP: 1/6
  1117 | D:1      | Gained mutation: You have a pair of small horns on your
                  | head. [demonic ancestry]
  1117 | D:1      | Reached XP level 3. HP: 12/25 MP: 0/7
  2590 | D:3      | Gained mutation: You have sharp toenails. [demonic
                  | ancestry]
  2590 | D:3      | Reached XP level 4. HP: 31/31 MP: 6/9
  3224 | D:3      | Reached skill level 4 in Spellcasting
  3224 | D:3      | Gained mutation: Your spells are a little harder to cast,
                  | but a little more powerful. [potion of mutation]
  3224 | D:3      | Gained mutation: Your flesh is heat resistant. (rF+)
                  | [potion of mutation]
  3224 | D:3      | Gained mutation: You have an increased reservoir of magic.
                  | (+10% MP) [potion of mutation]
  3225 | D:3      | HP: 1/31 [poisoned by a worker ant]
  3740 | D:4      | Found a basalt altar of Yredelemnul.
  3764 | D:4      | Reached skill level 1 in Fighting
  3810 | D:4      | Reached XP level 5. HP: 17/37 MP: 12/12
  4059 | D:4      | Found a staircase to the Ecumenical Temple.
  4080 | Temple   | Entered the Ecumenical Temple
  4086 | Temple   | Became a worshipper of Nemelex Xobeh the Trickster
  4497 | D:4      | Reached skill level 1 in Short Blades
  4497 | D:4      | Gained mutation: You sometimes gain power by taking damage.
                  | [demonic ancestry]
  4497 | D:4      | Reached XP level 6. HP: 9/43 MP: 9/14
  4507 | D:4      | HP: 2/43 [poisoned by a scorpion]
  4511 | D:4      | Succumbed to a scorpion's poison

Illustrated notes

Levels and vault maps discovered:
D:1:      nzn_arrival_settlement, layout_rooms, minmay_pentomino_u2
D:2:      cheibrodos_old_hovel, layout_rooms
D:3:      layout_basic, dk_vineyard_3
D:4:      layout_cave_pools, nicolae_overflow_crystal_walls,
          minmay_temple_entry_drinking_statues
Temple:   dpeg_three_leaves_temple

Skill      XL: |  1  2  3  4  5 |
---------------+----------------+-----
Dodging        | 2 |  2.9
Stealth        | 2 |  2.4
Spellcasting   | 4 |  4.5
Fighting       | 1 |  1.3
Conjurations   | 2 |  2.9
Short Blades   | 1 |  1.0
Summonings     | |  1.0
Translocations | |  0.8

Action                   |  1- 3 |  4- 6 || total
-------------------------+-------+-------++-------
Melee: Dagger            |    85 |    82 ||   167
       Headbutt          |     7 |    13 ||    20
       Kick              |       |    15 ||    15
 Cast: Magic Dart        |   103 |    61 ||   164
  Use: Scroll            |     7 |     3 ||    10
       Potion            |       |     4 ||     4
 Stab: Sleeping          |     1 |       ||     1
Armor: Robe              |    16 |     8 ||    24
       Skin              |       |     6 ||     6
Dodge: Dodged            |    63 |    47 ||   110
